 Dungeon Crawl Stone Soup version 0.17-a0-1920-gafa4d75 (webtiles) character file.

178 4thArraOfDagon the Ruffian (level 5, -6/50 HPs)
             Began as a Troll Monk on Sept 27, 2015.
             Mangled by Menkaure (21 damage)
             ... on level 4 of the Dungeon.
             The game lasted 00:02:38 (430 turns).

4thArraOfDagon the Ruffian (Troll Monk)              Turns: 430, Time: 00:02:38

Health: -6/50      AC:  6    Str: 19    XL:     5   Next: 32%
Magic:  4/4        EV: 10    Int:  7    God:
Gold:   37         SH:  0    Dex: 12    Spells: 0 memorised, 4 levels left

rFire  + . .     SeeInvis .       - Unarmed
rCold  + . .     Clarity  .     a - +1 robe
rNeg   . . .     SustAt   .     (no shield)
rPois  +         Gourm    +     (helmet restricted)
rElec  +         Spirit   .     (no cloak)
rCorr  +         Warding  .     (gloves unavailable)
rMut   .         Stasis   .     (boots unavailable)
MR     .....                    (no amulet)
Stlth  +.........               (no ring)
                                (no ring)

@: resistant, not resistant to hostile enchantments, very unstealthy
A: unfitting armour, claws 3, fast metabolism 3, gourmand, regeneration 2,
shaggy fur 1, tough skin 2
a: no special abilities


You were on level 4 of the Dungeon.
You were full.

You visited 1 branch of the dungeon, and saw 4 of its levels.

You collected 37 gold pieces.

Inventory:

Armour
 a - a +1 robe (worn)
Scrolls
 f - a scroll of identify
 g - a scroll of noise
Comestibles
 b - 3 bread rations
 c - 2 meat rations


   Skills:
 - Level 2.4 Fighting
 - Level 2.4 Dodging
 - Level 1.1 Stealth
 * Level 6.6 Unarmed Combat


You had 4 spell levels left.
You didn't know any spells.

Dungeon Overview and Level Annotations

Branches:
Dungeon (4/15)
 Temple: D:4-7

Altars:
Okawaru
Qazlal

Annotations:
D:4 Menkaure


Innate Abilities, Weirdness & Mutations

You are too large for most types of armour.
You have claws for hands.
Your metabolism is lightning-fast.
You like to eat raw meat.
You heal very quickly.
You are covered in fur (AC +1).
You have very tough skin (AC +2).


Message History

Menkaure hits you!
You scratch Menkaure but do no damage.
Menkaure is lightly damaged.
A giant gecko comes into view.
You scratch Menkaure.
Menkaure is moderately damaged.
The giant gecko hisses menacingly.
Menkaure hits you.
* * * LOW HITPOINT WARNING * * *
Unknown command.
You scratch Menkaure.
Menkaure is moderately damaged.
Menkaure mumbles, "It doesn't hurt if you pull your brain out of your nose yourself."
Menkaure completely misses you.
Unknown command.
Drink which item? (? for menu, Esc to quit)
It was a potion of resistance.
You feel protected. Menkaure hits you!!
You die...

#.#.####.######.###
#.............#..
#####.##....###.#####
#(..........#....$...
#.#...##....#......##
#.#........#..(....##
#.#.#.##.####........
#.#.#.##.#h...#.##...
#.#.@....#.####.##...
#.###M#### #.#...# #.
... #.#.#.# l###
#.#.# .. #.#.# ..
..#.# .#. .#.


You could see Menkaure and a giant gecko.

Vanquished Creatures
  A hound (D:4)
  An orc priest (D:4)
  A worker ant (D:4)
  An iguana (D:4)
  5 adders
  2 giant geckos
  5 orcs (D:4)
  A giant cockroach (D:1)
  A hobgoblin (D:1)
  3 jackals (D:4)
  A ball python (D:1)
  A jackal skeleton (D:4)
  A kobold (D:3)
  A rat (D:2)
25 creatures vanquished.

Notes
Turn   | Place    | Note
--------------------------------------------------------------
     0 | D:1      | 4thArraOfDagon the Troll Monk began the quest for the Orb.
     0 | D:1      | Reached XP level 1. HP: 22/22 MP: 0/0
   139 | D:3      | Reached XP level 2. HP: 29/29 MP: 1/1
   171 | D:3      | Found an iron altar of Okawaru.
   184 | D:3      | Found a stormy altar of Qazlal.
   232 | D:4      | Reached skill level 5 in Unarmed Combat
   232 | D:4      | Reached XP level 3. HP: 29/36 MP: 2/2
   313 | D:4      | Reached XP level 4. HP: 40/44 MP: 3/3
   387 | D:4      | Reached skill level 6 in Unarmed Combat
   397 | D:4      | Reached XP level 5. HP: 47/50 MP: 4/4
   420 | D:4      | Noticed Menkaure
   430 | D:4      | Mangled by Menkaure

Vault maps used:
D:1:      mrwooster_arrival_statue_3, nemelex_deck
D:2:      lemuel_coloured_pillars_altar
D:3:      grunt_gozag_statues, lemuel_crystal_altar, overflow_temple_1_default,
          lemuel_doored_altar
D:4:      nicolae_overflow_quartered_altars, minmay_temple_entry_from_below_a,
          first_bread, uniq_menkaure, uniq_grinder

Action                   |  1- 3 |  4- 6 || total
-------------------------+-------+-------++-------
Melee: Unarmed           |    45 |    31 ||    76
  Use: Scroll            |     3 |       ||     3
       Potion            |       |     1 ||     1
 Stab: Sleeping          |     1 |       ||     1
  Eat: Chunk             |     6 |       ||     6
